 Dungeon Crawl Stone Soup version 0.22.1-2-g9c5b331383 (webtiles) character file.

126 McIrco the Shield-Bearer (level 4, -2/35 HPs)
             Began as a Demonspawn Fighter on Jan 6, 2019.
             Slain by an adder (3 damage)
             ... in a sewer.
             The game lasted 00:02:41 (1337 turns).

McIrco the Shield-Bearer (Demonspawn Fighter)       Turns: 1337, Time: 00:02:43

Health: -2/35      AC:  9    Str: 16    XL:     4   Next: 84%
Magic:  4/4        EV:  7    Int: 15    God:
Gold:   14         SH:  9    Dex: 13    Spells: 3/3 levels left

rFire    . . .     SeeInvis .   a - +0 long sword
rCold    . . .     Gourm    .   c - +0 shield
rNeg     . . .     Faith    .   b - +0 scale mail
rPois    .         Spirit   .   (no helmet)
rElec    .         Reflect  .   (no cloak)
rCorr    .         Harm     .   (no gloves)
MR       .....                  (no boots)
Stlth    ..........             (no amulet)
HPRegen  0.11/turn              (no ring)
MPRegen  0.09/turn              (no ring)

@: brilliant, lethally poisoned (-2 -> -7), very slow
A: thin metallic scales 2
a: no special abilities


You were in a sewer.
You were not hungry.

You visited 1 branch of the dungeon, and saw 3 of its levels.
You also visited: Sewer.

You collected 14 gold pieces.

Inventory:

Hand Weapons
 a - a +0 long sword (weapon)
Armour
 b - a +0 scale mail (worn)
 c - a +0 shield (worn)
Scrolls
 e - a scroll of identify
 k - a scroll of fog
 l - a scroll of magic mapping {unknown}
 m - a scroll of teleportation
 n - a scroll of fear {unknown}
Potions
 d - a potion of might
 g - a potion of brilliance
 h - a potion of haste {unknown}
 i - 2 potions of heal wounds
 j - a potion of magic {unknown}
Comestibles
 f - 3 rations
 o - a chunk of flesh


   Skills:
 + Level 3.2 Fighting
 + Level 2.5 Long Blades
 * Level 3.5 Armour
 * Level 1.1 Dodging
 * Level 3.6 Shields


You had 3 spell levels left.
You didn't know any spells.
Your spell library was empty.

Dungeon Overview and Level Annotations

Branches:
Dungeon (3/15)

Altars:
Zin


Innate Abilities, Weirdness & Mutations

You are mostly covered in thin metallic scales. (AC +3)


Message History

You block the bullfrog's attack. The adder bites you but does no damage.
The ball python hisses angrily.
The adder bites you.
* * * LOW HITPOINT WARNING * * *
You are poisoned.
The adder poisons you! You block the bullfrog's attack.
The adder completely misses you.
You riposte.
You closely miss the adder.
The bullfrog releases a deep croak.
The bullfrog hits you but does no damage.
The adder bites you but does no damage.
The bullfrog hits you but does no damage.
You block the adder's attack.
Unknown command.
It was a potion of brilliance.
You feel clever all of a sudden.
You feel sick. The bullfrog hits you!
* * * LOW HITPOINT WARNING * * *
You block the bullfrog's attack. You block the adder's attack.
The adder bites you.
You die...

####################
..≈≈≈≈≈≈≈≈≈S≈≈≈≈≈#.###
..≈≈≈≈≈≈..JSFS≈≈≈....##
.≈≈≈≈≈≈≈≈≈SF@≈≈≈≈≈....#
.≈≈≈≈≈≈≈≈≈SS≈≈≈≈≈≈....#
S≈≈≈≈≈≈≈≈≈≈≈≈≈≈≈≈≈....##
S#≈≈≈≈≈≈≈≈≈≈≈≈≈≈≈......#
##################....#
####...## #..#....#
#..'....# #####...#


You could see 2 bullfrogs, an ooze, 3 adders and 3 ball pythons.

Vanquished Creatures
  6 adders
  2 river rats (Sewer)
  An ooze (Sewer)
  2 giant cockroaches
  3 goblins
  A hobgoblin (D:1)
  A jackal (D:1)
  2 quokkas (D:2)
  9 ball pythons
  2 bats
  3 frilled lizards
  2 kobolds
  32 rats
66 creatures vanquished.

Notes
Turn   | Place    | Note
-------+----------+-------------------------------------------
     0 | D:1      | McIrco the Demonspawn Fighter began the quest for the Orb.
     0 | D:1      | Reached XP level 1. HP: 18/18 MP: 1/1
   120 | D:1      | Gained mutation: You are partially covered in thin metallic
                  | scales. (AC +2) [demonic ancestry]
   120 | D:1      | Reached XP level 2. HP: 21/24 MP: 2/2
   240 | D:2      | Found a glowing silver altar of Zin.
   274 | D:2      | Gained mutation: You are mostly covered in thin metallic
                  | scales. (AC +3) [demonic ancestry]
   274 | D:2      | Reached XP level 3. HP: 16/29 MP: 3/3
   582 | D:3      | Found a glowing drain.
   605 | Sewer    | Entered a sewer
   824 | Sewer    | Reached XP level 4. HP: 26/35 MP: 4/4
   861 | Sewer    | HP: 1/35 [adder (2)]
   865 | Sewer    | Reached skill level 1 in Dodging
  1327 | Sewer    | Noticed a bullfrog
  1327 | Sewer    | Noticed a bullfrog
  1337 | Sewer    | HP: 1/35 [bullfrog (7)]
  1337 | Sewer    | Slain by an adder

Skill      XL: |  1  2  3  4 |
---------------+-------------+-----
Armour         | 3 |  3.5
Shields        | 3 |  3.6
Long Blades    | 2 |  2.5
Dodging        | 1 |  1.1
Fighting       | |  3.2

Action                   |  1- 3 |  4- 6 || total
-------------------------+-------+-------++-------
Melee: Long sword        |   133 |    82 ||   215
  Use: Scroll            |     5 |       ||     5
       Potion            |       |     2 ||     2
  Eat: Chunk             |       |     2 ||     2
Armor: Scale mail        |    88 |   115 ||   203
Dodge: Dodged            |    59 |    74 ||   133
Block: Shield            |    96 |   104 ||   200
       Rpst.: Long sword |    20 |    31 ||    51
